Replay - Berserk v HomelessAL - Orbital Shipyard

Build Order

Get SALT Encoding   

  12  0:01  SCV  
  13  0:13  SCV  
  14  0:18  Supply Depot  
  14  0:25  SCV  
  15  0:40  SCV  
  15  0:42  Barracks  
  16  0:45  Refinery  
  16  0:52  SCV  
  17  1:04  SCV  
  18  1:16  SCV  
  19  1:28  Orbital Command  
  19  1:29  Marine  
  20  1:40  Command Center  
  20  1:50  Marine  
  20  1:51  Supply Depot  
  21  1:55  SCV  
  22  2:05  Refinery  
  22  2:08  Marine  
  23  2:13  SCV  
  24  2:16  Bunker  
  24  2:21  Factory  
  24  2:25  SCV  
  24  2:26  Barracks Reactor  
  25  2:38  SCV  
  26  2:50  SCV  
  27  2:53  Orbital Command  
  27  3:02  Marine x2, SCV  
  30  3:09  Starport  
  30  3:10  Factory Tech Lab  
  30  3:14  SCV  
  30  3:17  Starport  
  30  3:18  SCV  
  32  3:26  SCV  
  33  3:37  SCV  
  33  3:38  SCV  
  35  3:49  SCV  
  35  3:50  SCV  
  35  3:51  Command Center  
  35  3:52  Hellion x2  
  35  3:55  Cloaking Field  
  41  4:00  Banshee  
  44  4:03  SCV  
  44  4:04  SCV  
  44  4:08  Starport Reactor  
  44  4:09  Refinery  
  46  4:22  Supply Depot  
  46  4:28  Hellion x2, SCV x2, Liberator, Marine  
  53  4:40  SCV  
  53  4:43  Banshee  
  53  4:44  SCV  
  53  4:45  Supply Depot, Liberator  
  58  4:50  Marine  
  62  5:02  SCV x2  
  62  5:03  Hellion x2  
  62  5:05  Orbital Command  
  71  5:08  Marine  
  72  5:15  Refinery, SCV x2  
  72  5:20  Liberator  
  74  5:26  Marine  
  75  5:34  SCV x3  
  78  5:36  Hellion x2  
  85  5:43  Supply Depot  
  85  5:45  Banshee, Marine  
  85  5:47  Supply Depot  
  89  5:56  SCV x3  
  89  6:03  Armory  
  89  6:04  Orbital Command  
  89  6:06  Factory  
  89  6:08  Factory, Marine, SCV x2  
  89  6:09  Liberator  
  93  6:13  Liberator  
  92  6:23  SCV x2  
  92  6:25  Hellion x2  
  98  6:26  Marine  
  105  6:36  Supply Depot  
  105  6:38  Supply Depot, SCV x3  
  108  6:47  Supply Depot  
  108  6:50  Factory Tech Lab  
  108  6:52  Factory Reactor  
  108  6:56  SCV  
  108  6:58  Liberator, SCV x2, Banshee, Refinery, Marine  
  108  6:59  Hellion  
  108  7:00  Hellion, Supply Depot  
  119  7:01  Supply Depot  
  119  7:08  Infernal Pre-Igniter  
  119  7:11  SCV x3  
  119  7:12  Liberator  
  119  7:15  Hellion  
  127  7:25  Marine  
  127  7:26  Hellion x2  
  135  7:34  Hellion x2  
  139  7:37  Supply Depot  
  139  7:39  Supply Depot  
  139  7:40  Hellion  
  139  7:41  Supply Depot  
  139  7:42  Banshee  
  144  7:46  SCV x2  
  144  7:47  Refinery, SCV  
  144  7:48  Hellion  
  149  7:53  Liberator  
  149  7:58  Marine  
  149  7:59  Hellion x3  
  149  8:02  Supply Depot  
  149  8:03  Hellion, Supply Depot  
  149  8:05  Terran Vehicle Weapons Level 1  
  158  8:06  Supply Depot, Liberator  
  158  8:08  Armory  
  158  8:09  Hellion  
  163  8:15  Command Center  
  163  8:16  Marine  
  164  8:20  Hellion  
  164  8:21  Hellion  
  164  8:22  Hellion  
  164  8:24  Hellion  
  175  8:28  Supply Depot  
  175  8:29  Supply Depot  
  175  8:31  Supply Depot  
  175  8:32  Hellion  
  177  8:34  Marine  
  177  8:35  Banshee  
  177  8:39  SCV  
  177  8:40  SCV x2  
  184  8:45  Hellion x3  
  184  8:47  Hellion  
  192  8:51  SCV  
  192  8:52  SCV x2, Marine  
  196  8:57  Factory, Terran Vehicle And Ship Armor Level 1  
  196  8:58  Starport  
  196  9:03  Hellion  
  196  9:06  Hellion  
  200  9:35  Starport Tech Lab  
  200  9:40  Factory Reactor, Starport  
  200  9:50  Liberator x2  
Spawning Tool Build Advisor. Get it on Overwolf

Go to:

Details

  • Created by: HomelessAL
  • Published on: Feb 11, 2016
  • Modified on: Feb 11, 2016
  • Patch: Pre-3.8.0
Show
View Real Time Build Order
Export as new Build Order

Comments (0)

There are no comments. Be the first!

Create an account to comment!